 Dungeon Crawl Stone Soup version 0.21.1-1-g345015f (webtiles) character file.

13050 Mirai the Fighter (level 11, 0/136 HPs)
             Began as a Demonspawn Fighter on Mar 8, 2018.
             Was a High Priest of Okawaru.
             Shot with an arrow by a centaur (2 damage)
             ... on level 2 of the Orcish Mines.
             The game lasted 00:56:08 (10560 turns).

Mirai the Fighter (Demonspawn Fighter)             Turns: 10560, Time: 00:56:09

Health: 0/136      AC: 25    Str: 18    XL:     11   Next: 70%
Magic:  0/14       EV:  2    Int: 11    God:    Okawaru [*****.]
Gold:   968        SH: 13    Dex: 13    Spells: 9/10 levels left

rFire    . . .     SeeInvis .   K - +2 war axe (freeze)
rCold    . . .     Gourm    +   c - +0 shield
rNeg     + + +     Faith    .   (armour currently unavailable)
rPois    +         Spirit   +   (helmet currently unavailable)
rElec    .         Reflect  .   (cloak currently unavailable)
rCorr    +         Harm     .   (gloves currently unavailable)
MR       .....     NoTele   +   (boots currently unavailable)
Stlth    +++.......             C - amulet of the gourmand
HPRegen  0.32/turn              r - ring of resist corrosion
MPRegen  0.14/turn              z - ring of wizardry

@: tree-form, heroism, very slightly contaminated, hasted, very quick
A: demonic guardian 2, magic shield
a: Heroism, Finesse, Renounce Religion


You were on level 2 of the Orcish Mines.
You worshipped Okawaru.
Okawaru was extremely pleased with you.
You were very full.
You were a tree.
You visited 2 branches of the dungeon, and saw 13 of its levels.

You collected 968 gold pieces.

Inventory:

Hand Weapons
 a - a +0 war axe
 y - a +2 hand axe of electrocution
 K - a +2 war axe of freezing (weapon)
Armour
 b - a +0 pair of boots (melded)
 c - a +0 shield (worn)
 A - a +3 leather armour of poison resistance (melded)
 F - a +2 chain mail of poison resistance
 H - a +0 cloak (melded)
Jewellery
 m - an uncursed ring of flight
 r - a ring of resist corrosion (left branch)
 z - a ring of wizardry (right branch)
 C - an amulet of the gourmand (around neck)
Wands
 s - a wand of flame (28)
 D - a wand of iceblast (7)
 L - a wand of paralysis (16)
Scrolls
 e - 8 scrolls of remove curse
 w - 6 scrolls of identify
 E - 3 scrolls of enchant armour
 J - a scroll of magic mapping
 M - a scroll of immolation
Potions
 d - a potion of cancellation
 g - 2 potions of mutation
 h - 3 potions of might
 i - a potion of resistance
 l - a potion of curing
 n - a potion of berserk rage
 o - 4 potions of brilliance
 u - 2 potions of magic
 v - a potion of ambrosia
 x - a potion of invisibility
 B - 5 potions of flight
Books
 q - a book of Changes

   Spells                             Type                      Level
   a - Beastly Appendage              Transmutation                1
   b - Sticks to Snakes               Transmutation                2
   c - Spider Form                    Transmutation/Poison         3
   d - Ice Form                       Ice/Transmutation            4
   e - Blade Hands                    Transmutation                5
 G - a book of Cantrips

   Spells                             Type                      Level
   a - Confusing Touch                Hexes                        1
   b - Animate Skeleton               Necromancy                   1
   c - Summon Small Mammal            Summoning                    1
   d - Apportation                    Translocation                1
Comestibles
 f - 26 rations
 p - 7 chunks of flesh


   Skills:
 * Level 10.3(15.3) Fighting
 + Level 10.2(15.2) Axes
 + Level 6.0(11.0) Armour
 + Level 4.7(9.7) Dodging
 - Level 2.2(7.2) Stealth
 + Level 7.6(12.6) Shields
 + Level 1.5 Necromancy
 + Level 4.3 Invocations


You had 9 spell levels left.
You knew the following spells:

 Your Spells              Type           Power        Failure   Level  Hunger
a - Animate Skeleton      Necr           N/A          11%         1    ##.....


Dungeon Overview and Level Annotations

Branches:
Dungeon (11/15)            Temple (0/1) D:5            Lair (0/6) D:9
    Orc (2/2) D:10            Elf (0/3) Orc:2

Altars:
Ashenzari
Dithmenos
Fedhas
Gozag
Hepliaklqana
Okawaru
Qazlal
Vehumet
Wu Jian
Xom
The Shining One

Shops:
D:8 [   D:10 *

Annotations:
D:10 exclusion: ice statue


Innate Abilities, Weirdness & Mutations

((You have very sharp fingernails.))
((You are completely covered in iridescent scales. (AC +6)))
A demonic guardian rushes to your aid.
When hurt, damage is shared between your health and your magic reserves.


Message History

You barely miss the orc warrior.
The orc warrior is lightly wounded.
You barely miss the orc warrior. You slash the orc warrior!
You freeze the orc warrior.
The centaur shoots an arrow.
You block the arrow.
The orc warrior hits you with a long sword!
* * * LOW HITPOINT WARNING * * *
Unknown command.
You are too injured to fight recklessly!
Unknown command.
Okay, then.
Okay, then.
You turn into a tree.
Your +0 cloak melds into your body.
Your +0 pair of boots melds into your body.
Your +3 leather armour of poison resistance melds into your body.
Your roots penetrate the ground.
You block the orc warrior's attack.
The orc warrior unwields an uncursed arbalest.
The orc warrior wields an uncursed glaive.
You block the orc warrior's attack.
The centaur shoots an arrow.
The arrow hits you.
You die...

# ##.............§§§§§§§
# ###............§§§§8§§
####..............§§§.§.§
..#..........(.(..§§§§§..
####...........(.(.......
#........(.....((.$(...
#..............(.......
#.............o)oc......
#.#..#........(o♣(.......
...#........##(o##o.##...
...........##.4o.......≈≈
.#.#.......#..........≈≈≈
####...........o....≈≈≈≈#
# ...#......≈≈≈≈### #.
#.....≈≈≈≈## #
......o.oooo
..........o.o


You could see an orc knight, 6 orc warriors, a centaur and a friendly orange
demon.

Vanquished Creatures
  The ghost of aMcNicky the Cleaver, a journeyman FoFi of Qazlal (D:10)
  A two-headed ogre (D:9)
  An orc knight (Orc:1)
  Maurice (D:9)
  A wraith (D:11)
  4 yaks (D:9)
  A steam dragon (D:8)
  2 wargs (Orc:1)
  A soldier ant (D:11)
  A swamp drake (D:10)
  2 porcupines (D:9)
  10 orc warriors
  3 sky beasts
  2 black bears
  3 necrophages (D:8)
  2 phantoms
  5 ogres
  7 centaurs
  2 big kobolds (D:10)
  A crocodile (D:9)
  6 bullfrogs
  A wyvern skeleton (D:11)
  A water moccasin skeleton (D:5)
  Dowan (D:7)
  8 killer bees (D:9)
  5 howler monkeys
  3 crimson imps
  A bullfrog zombie (D:8)
  A centaur zombie (D:7)
  5 jellies
  A centaur skeleton (D:9)
  5 hounds
  9 orc priests
  2 bullfrog skeletons
  2 iguanas (D:9)
  14 orc wizards
  5 worker ants
  2 hound zombies
  A hound skeleton (D:4)
  2 gnolls (D:4)
  12 adders
  A shadow imp (D:6)
  6 oozes
  2 adder skeletons
  An adder zombie (D:6)
  3 worms
  3 dart slugs
  4 leopard geckos
  47 orcs
  2 ball pythons
  8 bats
  6 giant cockroaches
  10 goblins
  5 hobgoblins
  10 jackals
  19 kobolds
  8 quokkas
  7 frilled lizards
  A goblin skeleton (D:6)
  A goblin zombie (D:6)
  4 hobgoblin zombies (D:6)
  2 kobold skeletons (D:6)
  A leopard gecko skeleton (D:6)
  A leopard gecko zombie (D:8)
  2 orc skeletons (D:6)
  An orc zombie (D:6)
  A quokka zombie (D:8)
  10 rats
  A fungus (D:9)
  2 withered plants (D:8)
307 creatures vanquished.

Vanquished Creatures (collateral kills)
  An orc knight (Orc:1)
  A manticore (D:10)
  Psyche (D:9)
  A centaur skeleton (D:11)
  3 trolls
  A hornet (D:9)
  2 hippogriffs
  8 yaks (D:9)
  2 hungry ghosts
  A warg (Orc:1)
  Duvessa (D:7)
  2 sky beasts
  4 orc warriors
  A black bear (D:9)
  An ice beast (D:8)
  3 centaurs
  An ogre (Orc:1)
  2 necrophages (D:8)
  A crocodile (D:9)
  3 bullfrogs
  3 killer bees (D:9)
  2 howler monkeys
  2 wights (D:8)
  A hound (D:9)
  3 orc priests
  A killer bee zombie (D:8)
  2 gnolls (D:4)
  An adder (D:8)
  7 orcs
  2 jackals (D:9)
64 creatures vanquished.

Vanquished Creatures (others)
  An orc (D:10)
  47 fungi (D:9)
  18 plants (D:9)
66 creatures vanquished.

Grand Total: 437 creatures vanquished

Notes
Turn   | Place    | Note
-------+----------+-------------------------------------------
     0 | D:1      | Mirai the Demonspawn Fighter began the quest for the Orb.
     0 | D:1      | Reached XP level 1. HP: 18/18 MP: 1/1
   157 | D:1      | Gained mutation: You are partially covered in iridescent scales. (AC +2) [demonic ancestry]
   157 | D:1      | Reached XP level 2. HP: 23/24 MP: 2/2
   418 | D:1      | Gained mutation: A weak demonic guardian rushes to your aid. [demonic ancestry]
   418 | D:1      | Reached XP level 3. HP: 29/29 MP: 3/3
   896 | D:2      | Reached XP level 4. HP: 9/35 MP: 4/4
  1372 | D:2      | Reached skill level 1 in Dodging
  1477 | D:3      | Found an iron altar of Okawaru.
  1558 | D:3      | Gained mutation: You are mostly covered in iridescent scales. (AC +4) [demonic ancestry]
  1558 | D:3      | Reached XP level 5. HP: 25/41 MP: 5/5
  1802 | D:3      | Became a worshipper of Warmaster Okawaru
  1870 | D:3      | Found an ornate altar of the Wu Jian Council.
  2232 | D:4      | Found a shadowy altar of Dithmenos.
  2236 | D:4      | Gained mutation: When hurt, damage is shared between your health and your magic reserves. [demonic ancestry]
  2236 | D:4      | Reached XP level 6. HP: 42/47 MP: 6/6
  2698 | D:5      | Entered Level 5 of the Dungeon
  2834 | D:5      | Reached skill level 1 in Invocations
  2892 | D:5      | Found a staircase to the Ecumenical Temple.
  2950 | D:5      | Found an opulent altar of Gozag.
  3068 | D:5      | Gained mutation: You have sharp fingernails. [demonic ancestry]
  3068 | D:5      | Reached XP level 7. HP: 41/53 MP: 4/8
  3175 | D:5      | Noticed a hippogriff
  3186 | D:5      | Killed a hippogriff
  3186 | D:5      | Reached * piety under Okawaru
  3390 | D:5      | Found a hazy altar of Hepliaklqana.
  3699 | D:6      | Reached skill level 5 in Axes
  3744 | D:6      | Found a glowing golden altar of the Shining One.
  4054 | D:6      | Gained mutation: A demonic guardian rushes to your aid. [demonic ancestry]
  4054 | D:6      | Reached XP level 8. HP: 58/61 MP: 10/10
  4057 | D:6      | Found a stormy altar of Qazlal.
  4058 | D:6      | Noticed an air elemental
  4180 | D:6      | Found a shattered altar of Ashenzari.
  4632 | D:7      | Reached ** piety under Okawaru
  4754 | D:7      | Noticed Dowan
  4761 | D:7      | Killed Dowan
  4761 | D:7      | Reached skill level 5 in Fighting
  4762 | D:7      | Noticed Duvessa
  4767 | D:7      | Killed Duvessa
  4980 | D:7      | Reached skill level 5 in Shields
  5633 | D:8      | Reached *** piety under Okawaru
  5633 | D:8      | Gained mutation: You have very sharp fingernails. [demonic ancestry]
  5633 | D:8      | Reached XP level 9. HP: 65/67 MP: 11/11
  5662 | D:8      | Found Pivausagg's Armour Shoppe.
  5667 | D:8      | Found a blossoming altar of Fedhas.
  5678 | D:8      | Reached skill level 5 in Armour
  5710 | D:8      | Received a gift from Okawaru
  5815 | D:8      | Found a radiant altar of Vehumet.
  5885 | D:8      | Reached skill level 1 in Stealth
  6202 | D:8      | Reached **** piety under Okawaru
  6295 | D:9      | Noticed Maurice
  6305 | D:9      | Killed Maurice
  6310 | D:9      | Gained mutation: You are completely covered in iridescent scales. (AC +6) [demonic ancestry]
  6310 | D:9      | Reached XP level 10. HP: 53/78 MP: 5/12
  6327 | D:9      | Reached ***** piety under Okawaru
  6402 | D:9      | Received a gift from Okawaru
  6598 | D:9      | Found a staircase to the Lair.
  6879 | D:9      | Learned a level 1 spell: Animate Skeleton
  6939 | D:9      | Found a shimmering altar of Xom.
  6996 | D:9      | Noticed a two-headed ogre
  7007 | D:9      | Killed a two-headed ogre
  7214 | D:9      | Noticed Psyche
  7220 | D:9      | Killed Psyche
  7748 | D:10     | Entered Level 10 of the Dungeon
  7790 | D:10     | Reached XP level 11. HP: 86/86 MP: 11/13
  7863 | D:10     | Found Lyurupra's Assorted Antiques.
  7909 | D:10     | Noticed aMcNicky's ghost (journeyman FoFi)
  7922 | D:10     | Killed aMcNicky's ghost
  8637 | D:11     | Reached skill level 1 in Necromancy
  9180 | D:10     | Found a staircase to the Orcish Mines.
  9417 | Orc:1    | Entered Level 1 of the Orcish Mines
  9417 | Orc:1    | Noticed an orc knight
  9763 | Orc:1    | Noticed an orc knight
  9763 | Orc:1    | Killed an orc knight
  9942 | Orc:1    | Killed an orc knight
  9949 | Orc:1    | Reached skill level 10 in Axes
 10191 | Orc:1    | Reached skill level 10 in Fighting
 10387 | Orc:2    | Entered Level 2 of the Orcish Mines
 10431 | Orc:2    | Found a staircase to the Elven Halls.
 10542 | Orc:2    | Noticed an orc knight
 10546 | Orc:2    | Received a gift from Okawaru
 10549 | Orc:2    | Noticed an orc knight
 10559 | Orc:2    | HP: 1/91 [orc warrior/long sword (14)]
 10560 | Orc:2    | Shot with an arrow by a centaur

Skill      XL: |  1  2  3  4  5  6  7  8  9 10 11 |
---------------+----------------------------------+-----
Axes           | 2 3 4 5 6 7 9 10 | 10.2
Shields        | 3 4 5 6 7 |  7.6
Armour         | 3 4 5 6 |  6.0
Dodging        | 1 2 3 4 |  4.7
Invocations    | 1 3 4 |  4.3
Fighting       | 4 5 7 8 10 | 10.3
Stealth        | 1 2 |  2.2
Necromancy     | 1 |  1.5

Action                   |  1- 3 |  4- 6 |  7- 9 | 10-12 || total
-------------------------+-------+-------+-------+-------++-------
Melee: War axe           |   114 |    76 |       |   120 ||   310
       Hand axe          |       |   128 |   297 |   229 ||   654
 Cast: Animate Skeleton  |       |       |       |    16 ||    16
Invok: Heroism           |       |       |     3 |     7 ||    10
       Finesse           |       |       |       |     3 ||     3
  Use: Potion            |     1 |     1 |       |    10 ||    12
       Scroll            |       |     7 |     3 |    12 ||    22
 Stab: Distracted        |       |     1 |     1 |       ||     2
       Confused          |       |       |       |     3 ||     3
       Sleeping          |       |       |       |     1 ||     1
  Eat: Chunk             |       |     8 |    25 |    17 ||    50
Armor: Scale mail        |    88 |   114 |     6 |       ||   208
       Plate armour      |       |       |    84 |       ||    84
       Leather armour    |       |       |    40 |   109 ||   149
Dodge: Dodged            |    48 |    67 |    65 |   123 ||   303
Block: Shield            |    78 |   105 |   157 |   221 ||   561
